MID
KANE COUNTY COUGARS @ AUGUSTA GREENJACKETS
05/13/2044
 
TOP OF THE 1ST
Kane County Cougars batting - Pitching for Augusta GreenJackets : RHP Lee Chamness
Pitching: RHP Lee Chamness
Batting: LHB Willie Gutierrez 0-0: Foul Ball, location: 2F
0-1: Called Strike
0-2: Foul Ball, location: 2F
0-2: Strikes out looking
Batting: RHB Franklin Villanueva 0-0: Called Strike
0-1: Ball
1-1: Foul Ball, location: 2F
1-2: Foul Ball, location: 2F
1-2: Ground out 6-3 (Groundball, 6, EV 100.0 MPH)
Batting: LHB T.J. Duvall 0-0: Ball
1-0: Swinging Strike
1-1: Ball
2-1: Ball
3-1: Called Strike
3-2: Strikes out swinging
Top of the 1st over - 0 runs, 0 hits, 0 errors, 0 left on base; Kane County 0 - Augusta 0
BOTTOM OF THE 1ST
Augusta GreenJackets batting - Pitching for Kane County Cougars : RHP Travis Plesz
Pitching: RHP Travis Plesz
Batting: RHB Danny Gallo 0-0: Ball
1-0: Ball
2-0: Called Strike
2-1: Ball
3-1: SINGLE (Groundball, 4D, EV 97.5 MPH)
Batting: LHB Carey Horncole 0-0: Ball
1-0: Ball
2-0: Fielders Choice at 2nd, 5-4 (Groundball, 56, EV 81.9 MPH)
Batting: RHB Chris King 0-0: Ball
1-0: Called Strike
1-1: Foul Ball, location: 2F
1-2: Ball
2-2: Ball
3-2: Foul Ball, location: 2F
3-2: SINGLE (Line Drive, 8LS, EV 94.4 MPH)
Carey Horncole to second
Carey Horncole to third
Batting: LHB Gabe Velez 0-0: Ball
1-0: Called Strike
1-1: Swinging Strike
1-2: Ball
2-2: Foul Ball, location: 2F
2-2: DOUBLE (Flyball, 9LM, EV 103.8 MPH)
Carey Horncole scores
Chris King to third
Batting: LHB Terry Ebersole 0-0: Ball
1-0: Ball
2-0: SINGLE (Groundball, 3D, EV 103.8 MPH)
Chris King scores
Gabe Velez to third
Runner from 3rd tries for Home, SAFE, throw by RF to home
Batting: LHB Pong-keun Koh 0-0: Fly out, F6 (Flyball, 56D, EV 95.0 MPH)
Batting: RHB Drew Duncan 0-0: Swinging Strike
0-1: Foul Ball, location: 2F
0-2: Strikes out swinging
Bottom of the 1st over - 3 runs, 4 hits, 0 errors, 1 left on base; Kane County 0 - Augusta 3
TOP OF THE 2ND
Kane County Cougars batting - Pitching for Augusta GreenJackets : RHP Lee Chamness
Batting: RHB Matt Maxwell 0-0: Ball
1-0: Ball
2-0: Ball
3-0: Base on Balls
Batting: RHB John Pena 0-0: Fielders Choice at 2nd, 4-6 (Groundball, 4, EV 105.0 MPH)
Batting: RHB Wes Santiago 0-0: Swinging Strike
0-1: Foul Ball, location: 2F
0-2: Strikes out swinging
Batting: RHB Jake Hodge 0-0: Called Strike
0-1: Fly out, F7 (Flyball, 7D, EV 99.4 MPH)
Top of the 2nd over - 0 runs, 0 hits, 0 errors, 1 left on base; Kane County 0 - Augusta 3
BOTTOM OF THE 2ND
Augusta GreenJackets batting - Pitching for Kane County Cougars : RHP Travis Plesz
Batting: RHB Devin Lowery 0-0: Called Strike
0-1: Ball
1-1: Ball
2-1: Foul Ball, location: 2F
2-2: Strikes out swinging
Batting: RHB Alfredo Lemus 0-0: Called Strike
0-1: Ball
1-1: Swinging Strike
1-2: Ball
2-2: Ground out 2-3 (Groundball, 15S, EV 65.6 MPH)
Batting: RHB Danny Gallo 0-0: Ball
1-0: Ball
2-0: SINGLE (Groundball, 56D, EV 97.5 MPH)
Batting: LHB Carey Horncole 0-0: Ball
1-0: Called Strike
1-1: Ball
2-1: Foul Ball, location: 2F
2-2: Ball
3-2: Fly out, F9 (Flyball, 89D, EV 100.6 MPH)
Bottom of the 2nd over - 0 runs, 1 hit, 0 errors, 1 left on base; Kane County 0 - Augusta 3
TOP OF THE 3RD
Kane County Cougars batting - Pitching for Augusta GreenJackets : RHP Lee Chamness
Batting: LHB Brian Nielsen 0-0: Called Strike
0-1: Ball
1-1: Foul Ball, location: 2F
1-2: Foul Ball, location: 2F
1-2: Fly out, F8 (Line Drive, 8RM, EV 98.1 MPH)
Batting: RHB Jason Rivers 0-0: Foul Ball, location: 2F
0-1: Swinging Strike
0-2: SINGLE (Line Drive, 8LS, EV 100.0 MPH)
Batting: LHB Willie Gutierrez 0-0: Ball
1-0: Single, Error in OF, E7, batter to second base (Line Drive, 7S, EV 109.4 MPH)
Jason Rivers to third
Batting: RHB Franklin Villanueva 0-0: Ball
1-0: Swinging Strike
1-1: Swinging Strike
1-2: Ball
2-2: Strikes out swinging
Batting: LHB T.J. Duvall 0-0: Foul Ball, location: 2F
0-1: Ball
1-1: Called Strike
1-2: Ball
2-2: Strikes out swinging
Top of the 3rd over - 0 runs, 2 hits, 1 error, 2 left on base; Kane County 0 - Augusta 3
BOTTOM OF THE 3RD
Augusta GreenJackets batting - Pitching for Kane County Cougars : RHP Travis Plesz
Batting: RHB Chris King 0-0: Ball
1-0: Ball
2-0: Fly out, F4 (Popup, 4, EV 67.5 MPH)
Batting: LHB Gabe Velez 0-0: Called Strike
0-1: Ball
1-1: Foul Ball, location: 2F
1-2: Ball
2-2: Strikes out swinging
Batting: LHB Terry Ebersole 0-0: Called Strike
0-1: Ball
1-1: Ball
2-1: Ball
3-1: Fly out, F7 (Flyball, 78D, EV 93.8 MPH)
Bottom of the 3rd over - 0 runs, 0 hits, 0 errors, 0 left on base; Kane County 0 - Augusta 3
TOP OF THE 4TH
Kane County Cougars batting - Pitching for Augusta GreenJackets : RHP Lee Chamness
Batting: RHB Matt Maxwell 0-0: Ball
1-0: Called Strike
1-1: Foul Ball, location: 2F
1-2: Ball
2-2: Ball
3-2: Strikes out looking
Batting: RHB John Pena 0-0: Ball
1-0: Foul Ball, location: 2F
1-1: Called Strike
1-2: Ground out 6-3 (Groundball, 56D, EV 105.6 MPH)
Batting: RHB Wes Santiago 0-0: Foul Ball, location: 2F
0-1: Ground out 1-3 (Groundball, 13, EV 61.3 MPH)
Top of the 4th over - 0 runs, 0 hits, 0 errors, 0 left on base; Kane County 0 - Augusta 3
BOTTOM OF THE 4TH
Augusta GreenJackets batting - Pitching for Kane County Cougars : RHP Travis Plesz
Batting: LHB Pong-keun Koh 0-0: Fly out, F9 (Flyball, 9, EV 82.5 MPH)
Batting: RHB Drew Duncan 0-0: Foul Ball, location: 2F
0-1: Ground out 5-3 (Groundball, 56, EV 105.0 MPH)
Batting: RHB Devin Lowery 0-0: Called Strike
0-1: Ball
1-1: Ball
2-1: Ball
3-1: Ground out 3-1 (Groundball, 34S, EV 88.8 MPH)
Bottom of the 4th over - 0 runs, 0 hits, 0 errors, 0 left on base; Kane County 0 - Augusta 3
TOP OF THE 5TH
Kane County Cougars batting - Pitching for Augusta GreenJackets : RHP Lee Chamness
Batting: RHB Jake Hodge 0-0: Ground out 6-3 (Groundball, 6, EV 91.3 MPH)
Batting: LHB Brian Nielsen 0-0: Foul Ball, location: 2F
0-1: Called Strike
0-2: Ground out 5-3 (Groundball, 56, EV 94.4 MPH)
Batting: RHB Jason Rivers 0-0: Ball
1-0: Called Strike
1-1: Foul Ball, location: 2F
1-2: Fly out, F9 (Flyball, 89S, EV 93.8 MPH)
Top of the 5th over - 0 runs, 0 hits, 0 errors, 0 left on base; Kane County 0 - Augusta 3
BOTTOM OF THE 5TH
Augusta GreenJackets batting - Pitching for Kane County Cougars : RHP Travis Plesz
Batting: RHB Alfredo Lemus 0-0: Ball
1-0: Ball
2-0: Ground out 4-3 (Groundball, 4, EV 102.5 MPH)
Batting: RHB Danny Gallo 0-0: Foul Ball, location: 2F
0-1: Foul Ball, location: 2F
0-2: Ball
1-2: Ball
2-2: Fly out, F8 (Flyball, 8RD, EV 99.4 MPH)
Batting: LHB Carey Horncole 0-0: Ball
1-0: SINGLE (Groundball, 6S, EV 66.9 MPH) (infield hit)
Batting: RHB Chris King 0-0: Ball
1-0: Ball
2-0: Ball
3-0: Called Strike
3-1: Swinging Strike
3-2: Foul Ball, location: 2F
3-2: Ground out 5-3 (Groundball, 5L, EV 82.5 MPH)
Bottom of the 5th over - 0 runs, 1 hit, 0 errors, 1 left on base; Kane County 0 - Augusta 3
TOP OF THE 6TH
Kane County Cougars batting - Pitching for Augusta GreenJackets : RHP Lee Chamness
Batting: LHB Willie Gutierrez 0-0: Called Strike
0-1: Ball
1-1: Swinging Strike
1-2: Strikes out swinging
Batting: RHB Franklin Villanueva 0-0: Foul Ball, location: 2F
0-1: Ground out 6-3 (Groundball, 6, EV 76.3 MPH)
Batting: LHB T.J. Duvall 0-0: Swinging Strike
0-1: Ball
1-1: Ball
2-1: Called Strike
2-2: Strikes out swinging
Top of the 6th over - 0 runs, 0 hits, 0 errors, 0 left on base; Kane County 0 - Augusta 3
BOTTOM OF THE 6TH
Augusta GreenJackets batting - Pitching for Kane County Cougars : RHP Travis Plesz
Batting: LHB Gabe Velez 0-0: Foul Ball, location: 2F
0-1: Ball
1-1: Called Strike
1-2: Fly out, F6 (Popup, 6S, EV 76.3 MPH)
Batting: LHB Terry Ebersole 0-0: Ball
1-0: Called Strike
1-1: Foul Ball, location: 2F
1-2: Strikes out swinging
Batting: LHB Pong-keun Koh 0-0: Swinging Strike
0-1: Ground out U3 (Groundball, 3, EV 81.3 MPH)
Bottom of the 6th over - 0 runs, 0 hits, 0 errors, 0 left on base; Kane County 0 - Augusta 3
TOP OF THE 7TH
Kane County Cougars batting - Pitching for Augusta GreenJackets : RHP Lee Chamness
Batting: RHB Matt Maxwell 0-0: Swinging Strike
0-1: Swinging Strike
0-2: Ball
1-2: Ball
2-2: Ball
3-2: DOUBLE (Flyball, 8RXD, EV 102.5 MPH)
Batting: RHB John Pena 0-0: Ball
1-0: Ground out 5-3 (Groundball, 56S, EV 84.4 MPH)
Batting: RHB Wes Santiago 0-0: Ball
1-0: Ball
2-0: Swinging Strike
2-1: Ball
3-1: Base on Balls
Batting: RHB Jake Hodge 0-0: Called Strike
0-1: Ball
1-1: Ball
2-1: Foul Ball, location: 2F
2-2: Ball
3-2: Base on Balls
Matt Maxwell to third
Wes Santiago to second
Pitching: LHP Travis Stichter
Pinch Hitting: RHB Dave Vargas 0-0: Ball
1-0: Reached on error, E2 (Groundball, 2L, EV 67.5 MPH)
Matt Maxwell scores
Wes Santiago to third
Jake Hodge to second
Pitching: RHP Ron Riley
Batting: RHB Jason Rivers 0-0: Ball
1-0: Foul Ball, location: 2F
1-1: Foul Ball, location: 2F
1-2: Strikes out swinging
Batting: LHB Willie Gutierrez 0-0: Ball
1-0: Fly out, F9 (Line Drive, 9, EV 106.9 MPH)
Top of the 7th over - 1 run, 1 hit, 1 error, 3 left on base; Kane County 1 - Augusta 3
BOTTOM OF THE 7TH
Augusta GreenJackets batting - Pitching for Kane County Cougars : RHP Travis Plesz
Pitching: RHP Nate Bixler
Now at 2B: Mike Persinger
Batting: RHB Drew Duncan 0-0: Swinging Strike
0-1: Ball
1-1: Ball
2-1: Ball
3-1: Base on Balls
Batting: RHB Devin Lowery 0-0: Ball
1-0: Ball
2-0: Ball
3-0: Base on Balls
Drew Duncan to second
Batting: RHB Alfredo Lemus 0-0: Called Strike
0-1: Bunt missed!
0-2: Ball
1-2: Ball
Wild Pitch!
Drew Duncan to third
Devin Lowery to second
2-2: Ball
3-2: Foul Ball, location: 2F
3-2: Base on Balls
Batting: RHB Danny Gallo 0-0: Ball
1-0: DOUBLE (Groundball, 5L, EV 108.8 MPH)
Drew Duncan scores
Devin Lowery scores
Alfredo Lemus to third
Runner from 3rd tries for Home, SAFE, no throw by LF
Pitching: LHP Wibawa Simbolon
Batting: LHB Carey Horncole 0-0: Ball
1-0: Called Strike
1-1: Ball
2-1: Swinging Strike
2-2: Strikes out swinging
Batting: RHB Chris King 0-0: Ball
1-0: Foul Ball, location: 2F
1-1: Ball
2-1: Swinging Strike
2-2: Ball
3-2: Base on Balls
Batting: LHB Gabe Velez 0-0: Ball
1-0: Ball
2-0: Ball
3-0: Called Strike
3-1: Foul Ball, location: 2F
3-2: Grounds into double play, 6-4-3 (Groundball, 6, EV 95.6 MPH)
Bottom of the 7th over - 3 runs, 1 hit, 0 errors, 1 left on base; Kane County 1 - Augusta 6
TOP OF THE 8TH
Kane County Cougars batting - Pitching for Augusta GreenJackets : RHP Ron Riley
Batting: RHB Franklin Villanueva 0-0: Foul Ball, location: 2F
0-1: Called Strike
0-2: Foul Ball, location: 2F
0-2: Foul Ball, location: 2F
0-2: Ball
1-2: Strikes out looking
Batting: LHB T.J. Duvall 0-0: Ball
1-0: Ball
2-0: Fly out, F5 (Flyball, 56D, EV 84.4 MPH)
Batting: RHB Matt Maxwell 0-0: Swinging Strike
0-1: Swinging Strike
0-2: Ball
1-2: Strikes out swinging
Top of the 8th over - 0 runs, 0 hits, 0 errors, 0 left on base; Kane County 1 - Augusta 6
BOTTOM OF THE 8TH
Augusta GreenJackets batting - Pitching for Kane County Cougars : LHP Wibawa Simbolon
Batting: LHB Terry Ebersole 0-0: Ground out 4-3 (Groundball, 4, EV 76.9 MPH)
Batting: LHB Pong-keun Koh 0-0: Ball
1-0: Ball
2-0: Ball
3-0: Called Strike
3-1: Called Strike
3-2: Foul Ball, location: 2F
3-2: SINGLE (Line Drive, 89S, EV 106.3 MPH)
Batting: RHB Drew Duncan 0-0: Ball
1-0: Ball
2-0: Swinging Strike
2-1: Foul Ball, location: 2F
2-2: Strikes out looking
Batting: RHB Devin Lowery 0-0: Called Strike
0-1: SINGLE (Line Drive, 9S, EV 93.1 MPH)
Pong-keun Koh to second
Runner from 2nd tries for 3rd, SAFE, throw by RF made to third
Batting: RHB Alfredo Lemus 0-0: Fielders Choice at 2nd, U4 (Groundball, 4M, EV 80.0 MPH)
Bottom of the 8th over - 0 runs, 2 hits, 0 errors, 2 left on base; Kane County 1 - Augusta 6
TOP OF THE 9TH
Kane County Cougars batting - Pitching for Augusta GreenJackets : RHP Ron Riley
Batting: RHB John Pena 0-0: Foul Ball, location: 2F
0-1: Fly out, F7 (Flyball, 7LS, EV 92.5 MPH)
Batting: RHB Wes Santiago 0-0: Called Strike
0-1: Ball
1-1: Swinging Strike
1-2: Strikes out looking
Batting: RHB Jake Hodge 0-0: Ball
1-0: Ground out 4-3 (Groundball, 4MS, EV 67.5 MPH)
Top of the 9th over - 0 runs, 0 hits, 0 errors, 0 left on base; Kane County 1 - Augusta 6
Thursday, March 31st , 2022 - OOTP Baseball 22.12 Build 89